AoeStats
← alpercetiner66

Arena

510526932Analyzed
4v4 RM · 2d ago on Oct 1, 2026· 38m 3s· 8 players
Game mode
Random Map
Map size
Large (8 player)
Population
200
Speed
Normal
Resources
Standard
Victory
Conquest
Starting age
Dark Age
Ending age
Imperial Age
RankedLock teamsTeams togetherTeam positionsShared explorationLock speedFull tech treeHidden civsTurbo modeCheats
Victory
Defeat
🇨🇳 Danes · China
935
+9
🇨🇳 Shu · China
595
+24
517
+26
🇫🇷 Khmer · France
801
-19
🇫🇷 Britons · France
771
-18
🇨🇳 Persians · China
745
-17
🇹🇷 Huns · Türkiye
733
-17
Lazy Red Panda
7:19 Loom
9:39 Feudal Age
10:13 Double-Bit Axe
10:11 Horse Collar
18:26 Castle Age
18:22 Gold Mining
18:25 Stone Mining
18:28 Fletching
18:39 Padded Archer Armor
19:59 Caravan
20:57 Bow Saw
21:09 Heavy Plow
23:16 Bodkin Arrow
23:37 Leather Archer Armor
25:41 Gold Shaft Mining
25:32 Ballistics
30:30 Forging
33:07 Imperial Age
31:20 Wheelbarrow
30:43 Murder Holes
30:35 Crossbowman
34:22 Arbalester
alpercetiner66
11:33 Feudal Age
18:09 Castle Age
16:03 Horse Collar
16:28 Double-Bit Axe
16:53 Gold Mining
17:13 Stone Mining
17:57 Loom
19:01 Heavy Plow
19:14 Bow Saw
20:12 Gold Shaft Mining
21:07 Wheelbarrow
20:31 Town Watch
24:10 Hand Cart
25:25 Marauders
26:06 Town Patrol
26:44 Caravan
27:17 Town Patrol
28:28 Masonry
28:41 Ballistics
28:25 Murder Holes
31:27 Coinage
34:41 Imperial Age
33:31 Forging
33:26 Scale Barding Armor
35:03 Iron Casting
36:32 Conscription
0
0:49 Loom
1:22 Loom
13:47 Feudal Age
15:48 Horse Collar
15:57 Double-Bit Axe
16:07 Gold Mining
16:08 Stone Mining
22:04 Castle Age
24:07 Gold Shaft Mining
24:09 Stone Shaft Mining
23:46 Bow Saw
23:38 Heavy Plow
24:17 Wheelbarrow
23:49 Caravan
28:57 Hand Cart
29:11 Thumb Ring
30:09 Husbandry
30:48 Bloodlines
30:11 Crossbowman
31:10 Forging
30:53 Fletching
31:29 Scale Barding Armor
32:50 Kamandaran
32:50 Bodkin Arrow
32:58 Padded Archer Armor
33:11 Elite Skirmisher
37:32 Imperial Age
牛胜newsheng8
8:52 Loom
11:41 Feudal Age
12:07 Double-Bit Axe
12:12 Horse Collar
14:13 Wheelbarrow
13:24 Town Watch
15:22 Gold Mining
20:57 Castle Age
20:42 Arson
21:22 Elite Skirmisher
21:25 Crossbowman
22:26 Fletching
28:16 Stone Mining
28:47 Hand Cart
31:55 Imperial Age
Gatherer
11:24 Feudal Age
12:05 Horse Collar
12:11 Double-Bit Axe
14:57 Castle Age
16:05 Bow Saw
15:56 Heavy Plow
17:01 Wheelbarrow
24:01 Imperial Age
22:34 Padded Archer Armor
22:24 Fletching
24:03 Hand Cart
24:54 Thumb Ring
24:45 Gold Mining
24:45 Stone Mining
25:36 Loom
25:31 Crossbowman
27:02 Gold Shaft Mining
28:31 Leather Archer Armor
28:11 Bodkin Arrow
28:21 Arbalester
29:51 Bracer
30:23 Ring Archer Armor
30:01 Siege Engineers
30:09 Town Watch
30:39 Forging
30:29 Scale Mail Armor
30:39 Forging
30:45 Treadmill Crane
31:26 Ballistics
31:53 Squires
31:16 Man-at-Arms
31:58 Long Swordsman
32:23 Gambesons
32:24 Arson
33:27 Masonry
34:19 Chemistry
32:59 Two-Handed Swordsman
35:18 Chain Mail Armor
35:01 Champion
35:07 Champion
37:23 Plate Mail Armor
MyGO!!!!! Dr. Shiina Taki
1:39 Loom
Tamerlane
9:10 Feudal Age
9:37 Double-Bit Axe
9:34 Horse Collar
14:00 Gold Mining
18:14 Wheelbarrow
邦多利第一耐摔王-莫提斯
11:23 Feudal Age
12:01 Feudal Age
13:16 Horse Collar
13:24 Double-Bit Axe
16:04 Castle Age
17:47 Bow Saw
17:38 Heavy Plow
22:00 Imperial Age
21:24 Chemistry
24:36 Padded Archer Armor
33:52 Houfnice
Connection lost

Rejoining the realm…

Still unreachable

The connection could not be restored.

Session expired

The server has moved on; the page needs a fresh start.